 Dungeon Crawl Stone Soup version 0.26.1-2-gb8aa6d0cf2 (console) character file.

Game seed: 1895680205839224655

319 GodsVoicemail the Conjurer (level 6, -9/41 HPs)
             Began as a Demonspawn Hedge Wizard on Mar 5, 2021.
             Mangled by an ogre
             ... wielding a +0 giant club
              (19 damage)
             ... on level 4 of the Dungeon.
             The game lasted 00:24:30 (4821 turns).

GodsVoicemail the Conjurer (DsWz)                   Turns: 4821, Time: 00:24:31

Health: -9/41      AC:  8    Str: 11    XL:     6   Next: 21%
Magic:  7/11       EV: 12    Int: 17    God:
Gold:   85         SH:  0    Dex: 12    Spells: 4/12 levels left

rFire    + . .     SeeInvis .   a - +0 dagger
rCold    . . .     Faith    .   (no shield)
rNeg     . . .     Spirit   .   b - +0 robe
rPois    .         Reflect  .   e - +2 helmet
rElec    .         Harm     .   (no cloak)
rCorr    .         Rampage  .   (no gloves)
Will     .....                  q - +0 pair of boots
Stlth    +.........             m - amulet of regeneration
HPRegen  0.53/turn              h - ring of protection from fire
MPRegen  0.12/turn              (no ring)

@: confused, attractive
A: claws 1, slimy green scales 1
a: no special abilities


You were on level 4 of the Dungeon.
You visited 1 branch of the dungeon, and saw 4 of its levels.

You collected 85 gold pieces.

Inventory:

Hand Weapons
 a - a +0 dagger (weapon)
Armour
 b - a +0 robe (worn)
 c - a +0 hat
 e - a +2 helmet (worn)
 q - a +0 pair of boots (worn)
Jewellery
 g - an uncursed ring of flight {unknown}
 h - a ring of protection from fire (left claw)
 m - an amulet of regeneration (around neck)
Wands
 p - a wand of random effects (17)
 r - a wand of polymorph (8)
Scrolls
 i - 3 scrolls of remove curse
 k - 4 scrolls of identify
Potions
 d - 3 potions of curing
 l - a potion of attraction
 n - 2 potions of heal wounds {unknown}


   Skills:
 - Level 0.5 Short Blades
 - Level 1.7 Dodging
 - Level 2.1 Stealth
 - Level 3.5 Spellcasting
 * Level 5.6 Conjurations
 - Level 1.0 Summonings
 - Level 0.8 Translocations
 - Level 1.0 Poison Magic


You had 4 spell levels left.
You knew the following spells:

 Your Spells              Type           Power        Failure   Level
a - Magic Dart            Conj           88%          1%          1
b - Call Imp              Summ           6%           17%         2
c - Blink                 Tloc           N/A          19%         2
d - Mephitic Cloud        Conj/Pois/Air  10%          21%         3

Your spell library contained the following spells:

 Spells                   Type           Power        Failure   Level
 Conjure Flame            Conj/Fire      12%          16%         3
 Slow                     Hex            3%           26%         2


Dungeon Overview and Level Annotations

Branches:
Dungeon (4/15)
 Temple: D:4-7

Altars:
Okawaru
Uskayaw

Annotations:
D:4 1 exclusion, Grinder


Innate Abilities, Weirdness & Mutations

You have sharp fingernails.
You are partially covered in slimy green scales. (AC +2)


Message History

Grinder blinks!
Grinder is pulled toward you!
Casting: Blink (safe; 19% risk of failure)
Confirm with . or Enter, or press ? or * to list all spells.
You blink.
Grinder hits you.
You writhe in agony.
* * * LOW HITPOINT WARNING * * *
Casting: Blink (safe; 19% risk of failure)
Confirm with . or Enter, or press ? or * to list all spells.
The spell is quite dangerous to cast (21% risk of failure)!
Continue anyway?
Aiming: Mephitic Cloud (quite dangerous; 21% risk of failure)
Press: ? - help, Shift-Dir - straight line, f - ogre
Aim: an ogre, wielding a +0 giant club (grey smoke) That beam is likely to hit you.
Continue anyway?
The ball explodes into a vile cloud!
The stinking cloud engulfs the ogre but does no damage.
The stinking cloud engulfs you but does no damage.
The stinking cloud engulfs Grinder but does no damage.
You are engulfed in noxious fumes.
You choke on the stench!
You are confused.
The ogre hits you with a +0 giant club!!
You die...

## ...## #. ....#
#. ##.... #.
##.#.#.##
#.##....#..#
#.........#
#......[.####
#.##5#.#.##.## ###
#.##.# #§#O@.#...#
#.##.###§§55.......
#.##.5.§§§§§.§...##
#.######§§§§§§#.##
#<# #§#§§.## #
#w######.##.##
#.....w..# ##
##########


You could see Grinder, an ogre and a friendly crimson imp (summoned).

Vanquished Creatures
  A sky beast (D:3)
  A scorpion (D:4)
  Natasha (thrice) (D:3)
  3 gnolls (D:3)
  3 adders
  A worm (D:3)
  3 dart slugs
  10 orcs
  7 bats
  3 giant cockroaches
  10 goblins
  6 hobgoblins
  3 jackals (D:4)
  3 frilled lizards
  7 kobolds
  8 rats
72 creatures vanquished.

Vanquished Creatures (collateral kills)
  Robin (D:2)
1 creature vanquished.

Grand Total: 73 creatures vanquished

Notes
Turn   | Place    | Note
-------+----------+-------------------------------------------
     0 | D:1      | GodsVoicemail the Demonspawn Hedge Wizard began the quest
                  | for the Orb.
     0 | D:1      | Reached XP level 1. HP: 13/13 MP: 4/4
   521 | D:1      | Gained mutation: You are partially covered in slimy green
                  | scales. (AC +2) [demonic ancestry]
   521 | D:1      | Reached XP level 2. HP: 16/19 MP: 0/6
   678 | D:1      | Learned a level 2 spell: Call Imp
   682 | D:1      | Learned a level 2 spell: Blink
  1645 | D:2      | Gained mutation: You have sharp fingernails. [demonic
                  | ancestry]
  1645 | D:2      | Reached XP level 3. HP: 24/24 MP: 2/8
  1754 | D:2      | Noticed Robin
  1829 | D:2      | Reached skill level 2 in Conjurations
  2043 | D:2      | Found a hide-covered altar of Uskayaw.
  2532 | D:3      | Noticed a sky beast
  2692 | D:2      | Reached XP level 4. HP: 28/30 MP: 5/9
  2885 | D:1      | Reached skill level 3 in Conjurations
  3045 | D:2      | Killed Robin
  3307 | D:3      | Noticed Natasha
  3345 | D:3      | Killed Natasha
  3463 | D:3      | Learned a level 3 spell: Mephitic Cloud
  3761 | D:3      | Noticed Natasha
  3766 | D:3      | Killed Natasha
  3767 | D:3      | Reached skill level 4 in Conjurations
  3767 | D:3      | Reached XP level 5. HP: 35/35 MP: 4/10
  3842 | D:3      | Found an iron altar of Okawaru.
  3891 | D:3      | Reached skill level 1 in Poison Magic
  4118 | D:3      | Noticed Natasha
  4125 | D:3      | Killed Natasha
  4215 | D:3      | Killed a sky beast
  4216 | D:3      | Reached skill level 5 in Conjurations
  4401 | D:3      | Reached XP level 6. HP: 41/41 MP: 4/11
  4706 | D:4      | Found an iron altar of Okawaru.
  4801 | D:4      | Noticed Grinder
  4804 | D:4      | Paralysed by Grinder for 5 turns
  4814 | D:4      | Paralysed by Grinder for 2 turns
  4821 | D:4      | Mangled by an ogre

Illustrated notes

Levels and vault maps discovered:
D:1:      psy_arrival_conway, layout_basic
D:2:      wander_river, layout_rooms, general_overflow_altar, serial_glass,
          glass_columns_a, glass_columns_a, st_stairs_14, uniq_robin
D:3:      layout_basic, lemuel_doored_altar, uniq_natasha
D:4:      layout_loops_corners, grunt_temple_overflow_lords_of_destruction,
          old_standard_altar, kennysheep_vampire_church,
          cheibrodos_sewer_entry_drain, okawaru_ov_weapons_minmay, uniq_grinder

Skill      XL: |  1  2  3  4  5 |
---------------+----------------+-----
Stealth        | 2 |  2.1
Conjurations   | 2 4 5 |  5.6
Poison Magic   | 1 |  1.0
Short Blades   | |  0.5
Dodging        | |  1.7
Spellcasting   | |  3.5
Summonings     | |  1.0
Translocations | |  0.8

Action                   |  1- 3 |  4- 6 || total
-------------------------+-------+-------++-------
Melee: Dagger            |    15 |    12 ||    27
 Cast: Magic Dart        |   101 |   113 ||   214
       Call Imp          |       |    11 ||    11
       Blink             |       |     4 ||     4
       Mephitic Cloud    |       |     2 ||     2
  Use: Scroll            |     5 |     2 ||     7
       Potion            |       |     2 ||     2
 Stab: Confused          |       |     2 ||     2
Armor: Robe              |     7 |    12 ||    19
Dodge: Dodged            |    29 |    31 ||    60
